 Dungeon Crawl Stone Soup version 0.13-b1-54-gfe00c74 (console) character file.

6646 DeltaCharlie the Spear-Bearer (level 10, -1/55 HPs)
             Began as a Tengu Gladiator on Oct 9, 2013.
             Was an Elder of Fedhas.
             Slain by Harold
             ... wielding a +0,+0 flail
              (8 damage)
             ... on Level 10 of the Dungeon on Oct 10, 2013.
             The game lasted 02:02:26 (11220 turns).

DeltaCharlie the Spear-Bearer (Tengu Gladiator)    Turns: 11220, Time: 02:02:27

HP  -1/55        AC  4     Str 20      XL: 10   Next: 94%
MP  21/21        EV 22     Int  8      God: Fedhas [****..]
Gold 358         SH  0     Dex 19      Spells:  0 memorised,  9 levels left

Res.Fire  : . . .   See Invis. : .   F - +1,+2 halberd
Res.Cold  : . . .   Warding    : .   w - -1 ring mail {MR+}
Life Prot.: + . .   Conserve   : .   (no shield)
Res.Poison: .       Res.Corr.  : .   c - -1 cap
Res.Elec. : .       Clarity    : .   x - +0 cloak
Sust.Abil.: . .     Spirit.Shd : .   (no gloves)
Res.Mut.  : .       Stasis     : .   (boots unavailable)
Res.Rott. : .       Flight     : +   (no amulet)
Saprovore : . . .                    q - ring "Disas" {Wiz +Inv rN+}
                                     C - ring of magical power

@: mighty, flying, quick, quite resistant to hostile enchantments, unstealthy
A: able to fly, beak, talons 3
a: Evolution, Sunlight, Growth, Reproduction, Renounce Religion, Evoke
Invisibility


You were on level 10 of the Dungeon.
You worshipped Fedhas.
Fedhas was greatly pleased with you.
You were hungry.

You visited 2 branches of the dungeon, and saw 11 of its levels.

You collected 338 gold pieces.

Inventory:

Hand weapons
 i - a +0 blowgun
 E - a -1,-3 sling
 F - a +1,+2 halberd (weapon)
 J - a +1,+0 spear of venom
 S - a +3,+2 trident
Missiles
 r - 46 sling bullets
 s - 70 stones (quivered)
 u - 46 poisoned needles
Armour
 c - a -1 cap (worn)
 w - a -1 ring mail of magic resistance (worn)
 x - a +0 cloak (worn)
Magical devices
 j - a wand of frost (4)
 M - a wand of digging (10) {unknown}
 Q - a wand of lightning (8) {unknown}
 R - a wand of slowing (15) {unknown}
Comestibles
 a - 2 chunks of orc flesh
 f - 4 bread rations
 o - 4 meat rations
 B - a pear
 V - 32 strawberries
 X - 5 cheeses
Scrolls
 d - 2 scrolls of recharging {unknown}
 e - 3 scrolls of blinking {unknown}
 k - 2 scrolls of amnesia {unknown}
 l - 5 scrolls of remove curse
 m - a scroll of noise {unknown}
 t - a scroll of enchant weapon I
 y - a scroll of fear {unknown}
 D - 2 scrolls of magic mapping {unknown}
 I - a scroll of curse armour {unknown}
 K - a scroll of curse jewellery {unknown}
 N - a scroll of fog {unknown}
 T - a scroll of random uselessness {unknown}
 U - a scroll of vulnerability {unknown}
 W - 2 scrolls of enchant weapon II {unknown}
 Y - a scroll of curse weapon {unknown}
Jewellery
 n - an uncursed ring of sustain abilities
 q - the ring "Disas" (right hand) {Wiz +Inv rN+}
   (You took it off an orc on level 8 of the Dungeon)

   [ring of wizardry]

   It protects you from negative energy.
   It lets you turn invisible.
 C - a ring of magical power (left hand)
Potions
 b - 2 potions of brilliance
 g - a potion of restore abilities
 h - 2 potions of confusion {unknown}
 A - a potion of beneficial mutation
 G - 2 potions of agility {unknown}
 L - a potion of magic {unknown}
 O - a potion of resistance {unknown}


   Skills:
 - Level 2.0 Fighting
 * Level 14.1 Polearms
 - Level 2.1 Throwing
 + Level 10.7 Dodging


You had 9 spell levels left.
You didn't know any spells.

Dungeon Overview and Level Annotations

Branches:
Dungeon (10/27)            Temple (1/1) D:5
    Orc: D:6-11        Lair: D:8-13

Altars:
Ashenzari
Cheibriados
Elyvilon
Fedhas
Kikubaaqudgha
Makhleb
Nemelex Xobeh
Okawaru
Sif Muna
Trog
Vehumet
Xom
Yredelemnul
the Shining One

Annotations:
D:2 Jessica
D:4 Menkaure
D:10 Harold


Innate Abilities, Weirdness & Mutations

You can fly.
You have a beak for a mouth.
You have claws for feet.


Message History

Harold is heavily wounded.
Attack whom?
Press: ? - help, Dir - move target cursor, f/p - Harold
Aim: Harold, wielding a flail, wearing a ring mail and carrying a wand of fire {zapped: 5} (heavily wounded)
You reach to attack!
You slash Harold!
Harold is severely wounded.
Harold points at you and mumbles some strange words.
The bolt of fire hits you!
One of your 3 scrolls labeled CAULEA NOFEF catches fire!
* * * LOW HITPOINT WARNING * * *
Attack whom?
Press: ? - help, Dir - move target cursor, f/p - Harold
Aim: Harold, wielding a flail, wearing a ring mail and carrying a wand of fire {zapped: 5} (heavily wounded)
You reach to attack!
You slash Harold!
Harold is severely wounded.
Drink which item? (? for menu, Esc to quit)
You feel very mighty all of a sudden. Harold hits you with a flail!
You die...
Fedhas appreciates your contribution to the ecosystem.

#.........#
#.........#
#.........#
#.........#
#.........#
#.........#
#.........#
#.........#
#....@....#
#....@....#
#.........#
#.........#
#.........#
############.........#
.....................#
........[............#
...................>.#


You could see Harold.

Vanquished Creatures
  A hydra (D:8)
  7 yaks
  2 hippogriffs
  A hill giant skeleton (D:9)
  A necrophage (D:8)
  8 orc warriors
  A sky beast (D:8)
  4 ogres
  An ice beast (D:6)
  Sigmund (D:5)
  3 centaurs
  3 big kobolds
  3 giant frogs
  3 wights (D:10)
  2 goliath beetles
  An eye of draining (D:8)
  A yak skeleton (D:10)
  6 crimson imps
  4 hounds
  4 iguanas
  Crazy Yiuf (D:3)
  3 orc priests
  4 jellies
  3 scorpions
  7 worker ants
  13 orc wizards
  Ijyb (D:4)
  2 sheep (D:9)
  A worker ant zombie (D:7)
  3 gnolls (D:8)
  8 adders
  2 giant mites
  An inept feature mimic (D:5)
  An inept item mimic (D:6)
  5 worms
  A scorpion zombie (D:6)
  A giant eyeball (D:6)
  7 giant geckos
  44 orcs
  15 hobgoblins
  19 jackals
  A ball python (D:4)
  11 bats
  4 giant cockroaches
  6 giant newts
  6 goblins
  12 kobolds
  2 orc skeletons
  5 quokkas
  9 rats
  2 rat skeletons
257 creatures vanquished.

Vanquished Creatures (others)
  A centaur (D:8)
  A crimson imp (D:8)
  An orc wizard (D:8)
  2 giant spores (D:8)
  A ballistomycete (D:8)
  94 toadstools
100 creatures vanquished.

Grand Total: 357 creatures vanquished

Notes
Turn   | Place    | Note
--------------------------------------------------------------
     0 | D:1      | DeltaCharlie, the Tengu Gladiator, began the quest for the Orb.
     0 | D:1      | Reached XP level 1. HP: 13/13 MP: 0/0
    51 | D:1      | Reached XP level 2. HP: 8/18 MP: 2/2
   609 | D:2      | Reached XP level 3. HP: 14/22 MP: 3/3
   747 | D:1      | Reached skill level 4 in Dodging
  1136 | D:2      | Noticed Jessica
  1353 | D:3      | Noticed Crazy Yiuf
  1367 | D:3      | Killed Crazy Yiuf
  1367 | D:3      | Reached XP level 4. HP: 19/28 MP: 4/4
  1455 | D:3      | Found a white marble altar of Elyvilon.
  1455 | D:3      | Found a bloodstained altar of Trog.
  1821 | D:5      | Entered Level 5 of the Dungeon
  1831 | D:4      | Reached skill level 5 in Polearms
  1831 | D:4      | Reached XP level 5. HP: 27/32 MP: 6/6
  1837 | D:5      | Noticed Sigmund
  1855 | D:5      | Killed Sigmund
  1919 | D:4      | Noticed Ijyb
  1966 | D:4      | Killed Ijyb
  1966 | D:4      | Reached skill level 5 in Dodging
  2145 | D:4      | Noticed Menkaure
  2190 | D:5      | Reached skill level 6 in Polearms
  2190 | D:5      | Reached XP level 6. HP: 20/36 MP: 7/7
  2325 | D:5      | Found a sparkling altar of Nemelex Xobeh.
  2378 | D:5      | Found a staircase to the Ecumenical Temple.
  2396 | Temple   | Entered the Ecumenical Temple
  2473 | Temple   | Became a worshipper of Fedhas Madash
  2554 | D:5      | Noticed a centaur
  2562 | D:5      | Killed a centaur
  2664 | D:6      | Reached skill level 7 in Polearms
  2682 | D:6      | Reached XP level 7. HP: 35/40 MP: 8/8
  2717 | D:5      | Found an ancient bone altar of Kikubaaqudgha.
  3379 | D:6      | Reached skill level 8 in Polearms
  3411 | D:6      | Acquired Fedhas' first power
  3576 | D:6      | Reached XP level 8. HP: 46/46 MP: 10/10
  3619 | D:6      | Noticed a hippogriff
  3630 | D:6      | Killed a hippogriff
  3630 | D:6      | Reached skill level 9 in Polearms
  4385 | D:6      | Reached skill level 10 in Polearms
  4560 | D:6      | Found a basalt altar of Yredelemnul.
  4779 | D:7      | Reached XP level 9. HP: 46/50 MP: 11/11
  4782 | D:7      | Aelig: Hello, you are my captain on Bay12 so I figured I'd say hi ^^
  5024 | D:7      | Found a shattered altar of Ashenzari.
  5179 | D:7      | Reached skill level 11 in Polearms
  5270 | D:8      | Found a radiant altar of Vehumet.
  5931 | D:8      | HP: 2/50 [centaur/bow (5)]
  6276 | D:8      | Acquired Fedhas' second power
  6360 | D:8      | Got a flickering brass ring
  6954 | D:9      | Reached skill level 12 in Polearms
  7965 | D:9      | Reached XP level 10. HP: 47/55 MP: 12/12
  8569 | D:8      | Reached skill level 13 in Polearms
  8877 | D:9      | Acquired Fedhas' third power
  8936 | D:9      | Noticed a two-headed hydra
  9474 | D:10     | Entered Level 10 of the Dungeon
  9508 | D:10     | Reached skill level 10 in Dodging
  9913 | D:9      | Found a snail-covered altar of Cheibriados.
 10031 | D:10     | Upgraded the game from 0.13-b1-45-g38f3f9b to 0.13-b1-54-gfe00c74
 10089 | D:10     | Noticed Harold
 10592 | D:8      | Killed a three-headed hydra
 10592 | D:8      | Reached skill level 14 in Polearms
 10977 | D:10     | Acquired Fedhas' fourth power
 11220 | D:10     | Slain by Harold

Action                   |  1- 3 |  4- 6 |  7- 9 | 10-12 || total
-------------------------+-------+-------+-------+-------++-------
Melee: Trident           |   101 |   139 |   409 |   142 ||   791
       Spear             |       |       |   141 |   102 ||   243
       Halberd           |       |       |       |    97 ||    97
 Fire: Sling             |       |       |    82 |       ||    82
       Blowgun           |       |       |    25 |     7 ||    32
Throw: Throwing net      |     1 |     3 |       |       ||     4
 Abil: Fly               |       |       |    16 |    18 ||    34
Evoke: Wand              |       |     3 |     1 |       ||     4
  Use: Potion            |     2 |     1 |     7 |     1 ||    11
       Scroll            |       |       |     2 |     6 ||     8
